Map: Echo LE (Void)

Players

Javert

  • Race: Zerg Zerg
  • League: Grandmaster

Tiger - Winner!

  • Race: Zerg Zerg
  • League: Grandmaster

VOD

Have the link to the VOD?

Description

Time

  • Played on: June 13, 2015, 6:15 p.m.
  • Length: 10:27
Show
View Real Time Build Order
Export as new Build Order

Javert Zerg 

Build Orders: Hatch First 

Get SALT Encoding   

  12  0:01  Drone  
  13  0:13  Overlord  
  13  0:18  Drone  
  14  0:32  Drone x2  
  16  0:49  Hatchery  
  15  0:53  Drone  
  15  0:55  Extractor  
  15  1:10  Spawning Pool  
  14  1:12  Drone  
  14  1:16  Drone  
  16  1:20  Drone  
  16  1:25  Drone  
  18  1:36  Overlord  
  18  1:46  Drone  
  19  1:57  Metabolic Boost  
  19  1:58  Queen  
  21  2:04  Queen  
  23  2:12  Zergling x4  
  23  2:15  Zergling x2  
  26  2:22  Zergling x4  
  28  2:47  Drone  
  28  2:48  Drone x4  
  33  2:53  Overlord  
  33  3:00  Zergling x2  
  34  3:11  Drone x2, Baneling Nest  
  34  3:12  Drone x3  
  38  3:21  Drone x6  
  42  3:38  Drone x2  
  40  3:43  Overlord x2  
  40  3:51  Zergling x2  
  40  3:55  Zergling x2  
  42  4:00  Zergling x4  
  41  4:23  Baneling x3  
  41  4:24  Baneling  
  38  4:29  Drone x4  
  38  4:30  Drone x3  
  39  4:42  Drone  
  39  4:43  Drone x7, Queen  
  47  4:45  Lair  
  47  4:49  Extractor x2  
  47  4:50  Extractor  
  44  4:53  Roach Warren  
  44  4:54  Evolution Chamber  
  44  4:55  Drone x3  
  44  5:38  Roach x8  
  44  5:40  Zerg Missile Weapons Level 1  
  60  5:48  Glial Reconstitution  
  60  5:49  Overlord x2  
  60  5:50  Overlord  
  60  6:12  Hatchery  
  63  6:18  Roach x7  
  63  6:19  Roach x3  
  79  6:36  Spine Crawler  
  79  6:38  Roach x3  
  84  6:40  Overlord x2  
  84  6:48  Overlord x2  
  84  6:55  Overlord x2, Hydralisk Den  
  83  7:09  Spore Crawler  
  83  7:10  Spore Crawler  
  83  7:13  Spore Crawler x3  
  78  7:17  Roach x3  
  84  7:34  Zerg Ground Armor Level 1  
  60  7:42  Hydralisk x5  
  52  7:59  Hydralisk  
  52  8:00  Hydralisk  
  56  8:06  Drone x3  
  56  8:09  Spore Crawler  
  56  8:10  Spore Crawler  
  58  8:24  Spore Crawler  
  57  8:35  Drone  
  57  8:36  Drone x11  
  57  8:53  Roach x4  
  61  9:21  Hydralisk x4  
  61  9:24  Spore Crawler  
  68  9:28  Spore Crawler  
  67  9:31  Spore Crawler  
  67  9:35  Hydralisk x4  
  74  9:53  Roach x5  
  84  10:08  Roach x5  
Show
View Real Time Build Order
Export as new Build Order

Tiger Zerg - Winner!

Build Orders: Hatch First 

Get SALT Encoding   

  12  0:07  Overlord  
  12  0:12  Drone  
  13  0:17  Drone  
  14  0:26  Drone  
  15  0:31  Drone  
  16  0:49  Hatchery  
  15  1:06  Spawning Pool  
  15  1:07  Drone  
  15  1:11  Drone  
  15  1:15  Drone  
  15  1:18  Extractor  
  16  1:20  Drone  
  17  1:53  Zergling x6  
  20  1:54  Queen  
  22  2:01  Overlord  
  22  2:03  Queen  
  22  2:06  Drone  
  25  2:13  Drone  
  26  2:17  Drone  
  26  2:22  Metabolic Boost  
  27  2:26  Drone  
  27  2:29  Drone  
  29  2:36  Drone  
  30  2:40  Baneling Nest  
  30  2:43  Drone  
  30  2:48  Overlord  
  30  2:53  Drone  
  30  2:55  Drone  
  32  3:00  Spine Crawler  
  32  3:05  Zergling x2  
  32  3:07  Zergling x4  
  32  3:11  Drone  
  35  3:20  Drone x2  
  37  3:31  Queen  
  37  3:46  Overlord  
  37  3:47  Baneling  
  37  3:50  Drone x3  
  37  3:51  Drone x4  
  37  3:53  Overlord  
  43  4:19  Lair  
  43  4:20  Extractor  
  41  4:25  Drone x2  
  42  4:33  Drone x4  
  42  4:35  Drone x3  
  49  4:42  Drone  
  49  4:43  Overlord, Baneling  
  48  4:46  Zergling x2  
  48  4:47  Zergling x2  
  48  4:50  Zergling x4, Extractor  
  48  4:51  Extractor, Zergling x6  
  53  4:53  Spine Crawler  
  52  5:02  Overlord  
  52  5:05  Drone  
  53  5:13  Drone  
  54  5:16  Drone x3  
  54  5:17  Overlord  
  54  5:19  Drone  
  54  5:20  Spire  
  54  5:21  Hatchery  
  56  5:25  Drone x2  
  56  5:26  Drone x2  
  54  5:39  Overlord  
  54  5:40  Zergling x4  
  55  5:45  Zergling x8  
  59  5:52  Zergling x4  
  61  5:57  Zergling x8  
  65  6:19  Zergling x2  
  65  6:22  Zergling x4  
  68  6:28  Baneling x4  
  68  6:33  Mutalisk, Queen  
  68  6:34  Mutalisk x8  
  68  6:38  Zergling x4  
  90  6:45  Overlord  
  89  6:48  Drone  
  89  6:50  Drone x3  
  93  6:55  Drone x2  
  93  7:00  Evolution Chamber  
  93  7:01  Evolution Chamber  
  93  7:04  Roach Warren, Drone  
  93  7:09  Overlord  
  93  7:11  Drone  
  93  7:13  Zergling x2  
  93  7:14  Zergling x6  
  98  7:20  Overlord  
  98  7:21  Drone x5  
  98  7:22  Drone  
  92  7:41  Queen  
  92  7:43  Overlord  
  89  7:44  Zerg Missile Weapons Level 1, Zerg Ground Armor Level 1, Glial Reconstitution  
  89  7:45  Drone  
  89  7:46  Drone x8  
  93  7:56  Drone x2  
  93  7:58  Overlord  
  95  7:59  Roach x3  
  95  8:01  Extractor  
  95  8:05  Hydralisk Den  
  99  8:07  Roach x2  
  99  8:08  Baneling  
  99  8:09  Baneling x2  
  103  8:13  Roach x4  
  111  8:22  Roach x5  
  121  8:33  Roach x6  
  133  8:40  Roach x4  
  133  8:44  Roach  
  129  8:53  Roach x4  
  129  8:54  Overlord  
  137  9:02  Overlord  
  137  9:03  Overlord x2  
  137  9:07  Muscular Augments  
  137  9:13  Extractor  
  137  9:14  Hydralisk x5  
  146  9:17  Overlord x2  
  146  9:28  Hydralisk x2, Roach x4  
  158  9:34  Hydralisk, Roach  
  162  9:41  Roach x4  
  168  9:53  Hydralisk  
  168  9:54  Hydralisk  
Tags
 
Add a new tag
Caveats
  • Supply blocks, unpowered buildings, or Contaminate may cause inaccurate times.
  • Supply counts are checked every 10 seconds.